 Dungeon Crawl Stone Soup version 0.30-a0-1103-g25895a7845 (webtiles) character file.

Game seed: 13942402098596081979

63266 gelatine the Cleaver (level 14, -14/99 HPs)
             Began as a Demonspawn Gladiator on Apr 16, 2023.
             Demolished by a death yak (16 damage)
             ... on level 5 of the Lair of Beasts on Apr 19, 2023.
             The game lasted 01:14:37 (22638 turns).

gelatine the Cleaver (Demonspawn Gladiator)        Turns: 22638, Time: 01:14:38

Health: -14/99     AC: 13    Str: 24    XL:     14   Next: 67%
Magic:  18/18      EV: 19    Int: 11    God:
Gold:   540        SH: 13    Dex: 13    Spells: 17/18 levels left

rFire   + . .      SeeInvis +    P - +1 broad axe (flame)
rCold   . . .      Faith    .    H - +0 kite shield
rNeg    . . .      Spirit   .    G - +1 acid dragon scales
rPois   .          Reflect  +    (helmet unavailable)
rElec   +          Rampage  .    f - scarf {+Inv}
rCorr   +          Rage     3%   E - +2 pair of gloves
Will    +....                    i - +2 pair of boots "Zefru" {rElec rF+}
Stlth   +++                      s - amulet of reflection
HPRegen 0.36/turn                n - ring of flight
MPRegen 0.16/turn                u - +5 ring of evasion

@: spiked, flying, studying Dodging
A: antennae 3, powered by death 1, spiny 2, augmentation 2, big brain 1, berserk
1, deformed body, frail 1, screaming 1, strong 1
a: Evoke Invisibility


You were on level 5 of the Lair of Beasts.
You visited 4 branches of the dungeon, and saw 20 of its levels.

You collected 2056 gold pieces.
You spent 1516 gold pieces at shops.

Inventory:

Hand Weapons
 d - the +9 whip of Disarray {flame, rF+ rN++ Dex+2}
   (You took it off a goblin on level 3 of the Dungeon)

   Dex:       It affects your dexterity (+2).
   rF:        It protects you from fire.
   rN:        It greatly protects you from negative energy.
 F - a +2 broad axe of draining
 I - a +2 battleaxe
 P - a +1 broad axe of flaming (weapon)
 Y - a +0 battleaxe of pain
Missiles
 c - 2 silver boomerangs
 J - 2 curare-tipped darts
 K - 5 javelins
 N - 23 poisoned darts
 W - 8 boomerangs
Armour
 f - a scarf of invisibility (worn)
 i - the +2 pair of boots "Zefru" (worn) {rElec rF+}
   (You bought it in a shop on level 12 of the Dungeon)

   rF:        It protects you from fire.
   rElec:     It insulates you from electricity.
 p - a +0 leather armour of poison resistance
 z - a +2 robe of willpower
 E - a +2 pair of gloves (worn)
 G - +1 acid dragon scales (worn)
 H - a +0 kite shield (worn)
 V - a +3 chain mail of fire resistance
Magical Staves
 r - a staff of earth
Jewellery
 h - a ring of protection from cold
 n - a ring of flight (left hand)
 s - an amulet of reflection (around neck)
 u - a +5 ring of evasion (right hand)
 y - an amulet of the acrobat
 L - a ring of fire
 R - a +6 ring of intelligence
 S - a ring of willpower
Wands
 a - a wand of paralysis (4)
 C - a wand of acid (23)
 O - a wand of polymorph (11)
 T - a wand of iceblast (3)
Scrolls
 e - 2 scrolls of fog
 g - 6 scrolls of teleportation
 l - 8 scrolls of fear
 t - a scroll of acquirement
 x - 2 scrolls of blinking
 Q - 3 scrolls of poison
 Z - a scroll of magic mapping
Potions
 b - a potion of cancellation
 j - 6 potions of brilliance
 k - 4 potions of curing
 o - 4 potions of might
 q - 4 potions of ambrosia
 v - 2 potions of magic
 w - 3 potions of attraction
 A - 3 potions of lignification
 B - 3 potions of haste
 M - 2 potions of flight
 U - 2 potions of resistance
Miscellaneous
 D - a condenser vane


   Skills:
 * Level 10.1 Fighting
 * Level 12.5(13.1) Axes
 + Level 6.0(10.1) Maces & Flails
 + Level 7.5 Throwing
 * Level 9.1 Armour
 * Level 10.7 Dodging
 + Level 6.2 Stealth
 * Level 2.4 Shields
 * Level 2.8 Spellcasting
 * Level 2.5 Conjurations
 * Level 9.0 Evocations


You had 17 spell levels left.
You knew the following spells:

 Your Spells              Type           Power      Damage    Failure   Level
a - Magic Dart            Conj           28%        1d4       36%         1

Your spell library contained the following spells:

 Spells                   Type           Power      Damage    Failure   Level
 Searing Ray              Conj           14%        2d5       50%         2
 Foxfire                  Conj/Fire      16%        2x1d4     52%         1
 Kiss of Death            Conj/Necr      16%        2d6       52%         1
 Ensorcelled Hibernation  Hex/Ice        2%         N/A       85%         2
 Lesser Beckoning         Tloc           2%         N/A       85%         2
 Passwall                 Tmut/Erth      0%         N/A       85%         2
 Poisonous Vapours        Pois/Air       2%         N/A       85%         2
 Sublimation of Blood     Necr           1%         N/A       85%         2
 Dazzling Flash           Conj/Hex       8%         N/A       88%         3
 Mephitic Cloud           Conj/Pois/Air  3%         N/A       92%         3
 Confusing Touch          Hex            1%         N/A       97%         3
 Gell's Gravitas          Tloc           1%         N/A       97%         3
 Ozocubu's Armour         Ice            1%         N/A       97%         3
 Swiftness                Air            1%         N/A       97%         3
 Teleport Other           Tloc           1%         N/A       97%         3
 Volatile Blastmotes      Fire/Tloc      2%         2d10      97%         3
 Fulminant Prism          Conj/Hex       2%         3d5       99%         4
 Iskenderun's Mystic Bla  Conj/Tloc      4%         2d3       99%         4
 Dispel Undead            Necr           1%         3d6       100%        4
 Passage of Golubria      Tloc           1%         N/A       100%        4
 Petrify                  Tmut/Erth      1%         N/A       100%        4
 Agony                    Necr           1%         N/A       100%        5
 Fireball                 Conj/Fire      2%         3d4       100%        5
 Freezing Cloud           Conj/Ice/Air   1%         6-21      100%        5
 Irradiate                Conj/Tmut      2%         3d12      100%        5
 Lee's Rapid Deconstruct  Erth           0%         3d4*      100%        5
 Silence                  Hex/Air        0%         N/A       100%        5
 Plasma Beam              Fire/Air       0%         2x1d11    100%        6
 Starburst                Conj/Fire      2%         6d3       100%        6
 Ozocubu's Refrigeration  Ice            0%         4d7       100%        7
 Lehudib's Crystal Spear  Conj/Erth      2%         10d2      100%        8


Dungeon Overview and Level Annotations

Branches:
Dungeon (12/15)            Temple (1/1) D:4            Lair (5/5) D:10
 Shoals (0/4) Lair:3        Snake (0/4) Lair:2          Orc (2/2) D:12
    Elf (0/3) Orc:2
  Slime: Lair:4-5

Altars:
Ashenzari
Cheibriados
Dithmenos
Fedhas
Gozag
Hepliaklqana
Kikubaaqudgha
Makhleb
Nemelex Xobeh
Okawaru
Qazlal
Ru
Sif Muna
Trog
Uskayaw
Vehumet
Wu Jian
Xom
Yredelemnul
Lugonu

Shops:
D:5 *   D:9 ?   D:12 [   Orc:2 (?*:


Innate Abilities, Weirdness & Mutations

You have a pair of large antennae on your head. (SInv)
You regenerate a little health from kills.
You are mostly covered in sharp spines.
Your magical and physical power is enhanced at high health.
You have an unusually large brain. (Int +2)
You sometimes lose your temper in combat.
Armour fits poorly on your strangely shaped body.
You are frail. (-10% HP)
You occasionally shout uncontrollably at your foes.
Your muscles are strong. (Str +4, Int/Dex -1)


Message History

You burn the manticore. You hit the death yak but do no damage.
The death yak completely misses you. You block the manticore's attack.
The manticore closely misses you. x2; The death yak gores you!
The yak is struck by your spines. The yak gores you but does no damage.
You barely miss the yak.
The yak is almost dead.
You hit the death yak but do no damage. x2
You hit the manticore but do no damage. The death yak is struck by your spines.
The death yak gores you! The death yak gores you.
The manticore is struck by your spines. The manticore barely misses you.
You block the manticore's attack. The manticore completely misses you.
The yak is struck by your spines.
You kill the yak!
The barbs in your skin will harm you if you move.
Continue?
Okay, then.
You slash the manticore! You burn the manticore.
The manticore is heavily wounded.
You hit the death yak. You burn the death yak.
You hit the death yak but do no damage. The death yak gores you.
The manticore is struck by your spines. The manticore misses you.
The manticore claws you but does no damage.
The manticore barely misses you. The death yak is struck by your spines.
The death yak barely misses you.
You hit the manticore but do no damage.
The manticore is severely wounded.
You hit the death yak but do no damage. You barely miss the death yak.
You slash the yak! You burn the yak.
The death yak gores you but does no damage.
The manticore is struck by your spines. The manticore bites you!!
* * * LOW HITPOINT WARNING * * *
You block the manticore's attack. The manticore closely misses you.
The death yak is struck by your spines. The death yak gores you!!
* * * LOW HITPOINT WARNING * * *
The yak barely misses you.
You barely miss the manticore.
The manticore is almost dead.
You hit the death yak. You burn the death yak. You hit the yak.
You burn the yak. You hit the death yak but do no damage.
The death yak gores you!
You die...

....### ## ..###
###### #..# ..P##
####...P###....
##..# #PP..8........
##### #....8.....#
.### ###.8....8..#
÷..## #.....8.8..#
#.÷P###
##..##...H.##
#P...P###..####.@Y.#
##........## ##YY##
#.###...## YY## #..#
##..P# ##.. ..##
#...## #... .# ##..#
##.## . ##.. .# .
###. .# ..


You could see 2 death yaks, a manticore and 3 yaks.

Vanquished Creatures
  Rupert (Lair:3)
  Kirke (Lair:4)
  Erolcha (Orc:1)
  2 catoblepae (Lair:5)
  4 hydras
  2 boulder beetles (D:12)
  The ghost of MrSquiggles the Transmogrifier, a journeyman MfTm of Okawaru (D:10)
  3 death yaks (Lair:5)
  4 two-headed ogres
  Urug (D:12)
  Sonja (D:12)
  2 skysharks (Lair:5)
  A lindwurm (shapeshifter) (D:10)
  A wizard (D:12)
  Pikel (D:7)
  2 orc knights
  2 lindwurms (Lair:5)
  2 deep elf pyromancers (D:12)
  7 orc sorcerers (Orc:2)
  4 cyclopes
  4 manticores
  5 slime creatures (D:12)
  13 elephants
  2 black mambas
  3 cane toads
  2 rime drakes
  Maggie (D:7)
  4 unseen horrors
  A freezing wraith (D:10)
  9 komodo dragons
  13 trolls
  A polar bear (Lair:4)
  2 hornets
  Prince Ribbit (D:6)
  6 blink frogs
  Sigmund (D:3)
  A shadow (D:12)
  5 wyverns
  2 wraiths
  2 hogs (Lair:4)
  5 basilisks
  61 yaks
  3 steam dragons
  3 vampire mosquitoes (D:12)
  3 wargs (Orc:2)
  4 acid dragons
  19 water moccasins
  3 nagas (Lair:2)
  Edmund (D:6)
  2 ice beasts
  16 orc warriors
  A sky beast (D:7)
  3 black bears
  9 ogres
  13 wolves
  3 centaurs
  A lemure (D:7)
  A phantom (D:6)
  5 kobold brigands
  2 scorpions (D:5)
  3 gnoll sergeants
  5 bullfrogs
  8 wights
  4 killer bees (D:10)
  An electric eel (Lair:3)
  A howler monkey (D:12)
  3 lava snakes
  3 hounds
  7 orc priests
  6 jellies
  2 gnoll boudas
  2 sleepcaps
  Jessica (D:3)
  6 iguanas
  39 orc wizards
  7 hell rats
  20 gnolls
  2 adders (D:6)
  9 river rats (D:8)
  3 ufetubi
  A worm (D:2)
  2 dart slugs
  77 orcs
  4 ball pythons
  10 bats
  9 endoplasms
  2 giant cockroaches
  11 goblins
  8 hobgoblins
  2 jackals (D:4)
  10 quokkas
  3 frilled lizards
  45 kobolds
  26 rats
621 creatures vanquished.

Vanquished Creatures (others)
  An electric eel (Lair:3)
  A lava snake (Lair:3)
  2 orc wizards (Orc:2)
  A gnoll (D:9)
  57 fungi
  92 plants
154 creatures vanquished.

Grand Total: 775 creatures vanquished

Notes
Turn   | Place    | Note
-------+----------+-------------------------------------------
     0 | D:1      | gelatine the Demonspawn Gladiator began the quest for the
                  | Orb.
     0 | D:1      | Reached XP level 1. HP: 16/16 MP: 1/1
   135 | D:1      | Reached skill level 3 in Axes
   135 | D:1      | Gained mutation: You have a pair of small antennae on your
                  | head. [demonic ancestry]
   135 | D:1      | Reached XP level 2. HP: 18/22 MP: 2/2
   738 | D:1      | Gained mutation: You are partially covered in sharp spines.
                  | [demonic ancestry]
   738 | D:1      | Reached XP level 3. HP: 28/28 MP: 3/3
  1384 | D:3      | Reached skill level 1 in Armour
  1479 | D:3      | Found an ancient bone altar of Kikubaaqudgha.
  1525 | D:3      | Identified the +9 whip of Disarray {flame, rF+ rN++ Dex+2}
  1526 | D:3      | Found a hide-covered altar of Uskayaw.
  1532 | D:3      | Noticed Sigmund
  1578 | D:3      | Killed Sigmund
  1579 | D:3      | Reached skill level 1 in Stealth
  1579 | D:3      | Reached skill level 1 in Evocations
  1579 | D:3      | Gained mutation: You have an unusually large brain. (Int
                  | +2) [demonic ancestry]
  1579 | D:3      | Reached XP level 4. HP: 27/34 MP: 4/4
  1579 | D:3      | Reached XP level 5. HP: 31/40 MP: 5/5
  1922 | D:3      | Noticed Jessica
  1924 | D:3      | Killed Jessica
  1925 | D:3      | Reached XP level 6. HP: 46/46 MP: 6/6
  2036 | D:3      | Found a basalt altar of Yredelemnul.
  2283 | D:4      | Found a sparkling altar of Nemelex Xobeh.
  2421 | D:4      | Found a staircase to the Ecumenical Temple.
  2426 | D:4      | Found an opulent altar of Gozag.
  2602 | D:4      | You are sucked into a shaft and drop 2 floors!
  2617 | D:5      | Entered Level 5 of the Dungeon
  2667 | D:5      | Reached skill level 1 in Maces & Flails
  2667 | D:5      | Gained mutation: You are mostly covered in sharp spines.
                  | [demonic ancestry]
  2667 | D:5      | Reached XP level 7. HP: 36/52 MP: 7/7
  2780 | D:5      | Found Weaxaoc's Assorted Antiques.
  2791 | D:5      | Bought a scroll labelled USSERHUJIU for 26 gold pieces
  2791 | D:5      | Bought a pair of boots for 117 gold pieces
  2818 | D:5      | Found a radiant altar of Vehumet.
  3094 | D:5      | HP: 1/52 [ogre/+0 giant spiked club (16)]
  3265 | D:5      | Found a hazy altar of Hepliaklqana.
  3828 | D:5      | Upgraded the game from 0.30-a0-1085-g990a428a5c to
                  | 0.30-a0-1103-g25895a7845
  3924 | D:6      | Gained mutation: You regenerate a little health from kills.
                  | [demonic ancestry]
  3924 | D:6      | Reached XP level 8. HP: 51/60 MP: 8/8
  4184 | D:6      | Noticed Prince Ribbit
  4189 | D:6      | Noticed Edmund
  4198 | D:6      | Killed Edmund
  4224 | D:6      | Killed Prince Ribbit
  4225 | D:6      | Reached skill level 5 in Armour
  4515 | D:6      | Gained mutation: You have a pair of antennae on your head.
                  | [demonic ancestry]
  4515 | D:6      | Reached XP level 9. HP: 65/66 MP: 9/9
  4645 | D:7      | Noticed Maggie
  4660 | D:7      | Killed Maggie
  4728 | D:7      | Reached skill level 5 in Dodging
  4954 | D:7      | Found a stormy altar of Qazlal.
  5140 | D:7      | Noticed Pikel
  5151 | D:7      | Killed Pikel
  5152 | D:7      | Reached skill level 5 in Fighting
  5381 | D:7      | Noticed a two-headed ogre
  5397 | D:7      | Killed a two-headed ogre
  5398 | D:7      | Gained mutation: You have a pair of large antennae on your
                  | head. (SInv) [demonic ancestry]
  5398 | D:7      | Reached XP level 10. HP: 38/74 MP: 10/10
  5857 | D:8      | Found a blossoming altar of Fedhas.
  5868 | D:8      | Found a snail-covered altar of Cheibriados.
  5985 | D:8      | Paralysed by a hornet for 1 turns
  5992 | D:8      | Reached skill level 5 in Evocations
  6004 | D:8      | Reached skill level 5 in Throwing
  6147 | D:8      | Found a burning altar of Makhleb.
  6338 | D:8      | Reached skill level 5 in Stealth
  6679 | D:8      | Reached skill level 4 in Axes
  7276 | D:9      | Found a broken altar of Ashenzari.
  7934 | D:9      | Found a sacrificial altar of Ru.
  8140 | D:9      | HP: 3/76 [troll (1)]
  8619 | D:9      | Found Waips's Magic Scroll Boutique.
  8625 | D:9      | Bought a scroll of identify for 20 gold pieces
  8887 | D:10     | Entered Level 10 of the Dungeon
  8917 | D:10     | Reached skill level 5 in Axes
  8950 | D:10     | Found a staircase to the Lair.
  8958 | D:10     | Gained mutation: Your magical and physical power is
                  | slightly enhanced at high health. [demonic ancestry]
  8958 | D:10     | Reached XP level 11. HP: 59/83 MP: 11/11
  9129 | D:10     | Found a runed translucent gate.
  9134 | D:10     | Found a runed translucent gate.
  9134 | D:10     | Noticed MrSquiggles's ghost (journeyman MfTm)
  9136 | D:10     | Found a runed translucent gate.
  9145 | D:10     | Noticed a harpy
  9196 | D:10     | Reached skill level 6 in Axes
  9915 | D:10     | Noticed a swamp dragon
  9937 | D:10     | a swamp dragon changed into a moth of wrath
  9943 | D:10     | a moth of wrath changed into a shining eye
  9943 | D:10     | Noticed a shining eye (shapeshifter)
  9958 | Lair:1   | Entered Level 1 of the Lair of Beasts
  9975 | Lair:1   | Reached skill level 7 in Axes
 10632 | Lair:1   | Identified a scroll of acquirement
 10633 | Lair:1   | Acquired a manual of Dodging
 11365 | Lair:2   | Noticed an eight-headed hydra
 11410 | Lair:2   | Killed an eight-headed hydra
 11772 | Lair:2   | Found a staircase to the Snake Pit.
 11781 | Lair:2   | Reached skill level 8 in Axes
 11781 | Lair:2   | Reached skill level 5 in Maces & Flails
 11971 | Lair:2   | Reached XP level 12. HP: 50/91 MP: 12/12
 12180 | Lair:3   | Noticed Rupert
 12244 | Lair:2   | Noticed a four-headed hydra
 12257 | Lair:2   | Killed a four-headed hydra
 12730 | D:4      | Found an iron altar of Okawaru.
 13040 | Temple   | Entered the Ecumenical Temple
 13377 | D:10     | Killed MrSquiggles's ghost
 13952 | D:11     | Noticed a two-headed ogre
 13958 | D:11     | Killed a two-headed ogre
 14333 | D:12     | Noticed a two-headed ogre
 14338 | D:12     | Killed a two-headed ogre
 14339 | D:12     | Reached skill level 9 in Axes
 14779 | D:12     | Found a staircase to the Orcish Mines.
 14779 | D:12     | Found Budux's Armour Shop.
 14797 | D:12     | Bought the +2 pair of boots "Zefru" {rElec rF+} for 461
                  | gold pieces
 14833 | D:12     | Noticed Urug
 14846 | D:12     | Killed Urug
 15082 | D:12     | Noticed a four-headed hydra
 15099 | D:12     | Killed a four-headed hydra
 15104 | D:12     | Reached XP level 13. HP: 43/96 MP: 13/13
 15182 | D:12     | Reached skill level 10 in Axes
 15237 | D:12     | Noticed Sonja
 15243 | D:12     | Killed Sonja
 16092 | Orc:1    | Entered Level 1 of the Orcish Mines
 16530 | Orc:2    | Entered Level 2 of the Orcish Mines
 16762 | Orc:1    | Noticed Erolcha
 16770 | Orc:1    | Killed Erolcha
 16780 | Orc:1    | Gained mutation: You are weak. (Str -2) [potion of
                  | mutation]
 16780 | Orc:1    | Gained mutation: You have hidden genetic defects. [potion
                  | of mutation]
 16781 | Orc:1    | Lost mutation: You are weak. (Str -2) [potion of mutation]
 16781 | Orc:1    | Lost mutation: You have hidden genetic defects. [potion of
                  | mutation]
 16781 | Orc:1    | Gained mutation: You are agile. (Dex +4, Str/Int -1)
                  | [potion of mutation]
 16781 | Orc:1    | Gained mutation: Armour fits poorly on your strangely
                  | shaped body. [potion of mutation]
 16781 | Orc:1    | Gained mutation: You sometimes lose your temper in combat.
                  | [potion of mutation]
 16781 | Orc:1    | Gained mutation: You are somewhat resistant to further
                  | mutation. [potion of mutation]
 16782 | Orc:1    | Lost mutation: You are somewhat resistant to further
                  | mutation. [potion of mutation]
 16782 | Orc:1    | Lost mutation: You are agile. (Dex +4, Str/Int -1) [potion
                  | of mutation]
 16782 | Orc:1    | Gained mutation: You occasionally shout uncontrollably at
                  | your foes. [potion of mutation]
 16782 | Orc:1    | Gained mutation: You are frail. (-10% HP) [potion of
                  | mutation]
 16782 | Orc:1    | Gained mutation: Your muscles are strong. (Str +4, Int/Dex
                  | -1) [potion of mutation]
 17116 | Orc:2    | Found a staircase to the Elven Halls.
 17598 | Orc:2    | Paralysed by an orc sorcerer for 5 turns
 17894 | Orc:2    | Reached skill level 11 in Axes
 18111 | Orc:2    | Found Mydiu's Antique Weapon Boutique.
 18111 | Orc:2    | Found Zaexun's Magic Scroll Emporium.
 18139 | Orc:2    | Bought a scroll of acquirement for 780 gold pieces
 18139 | Orc:2    | Bought a scroll of enchant weapon for 112 gold pieces
 18166 | Orc:2    | Found Sibov's General Store.
 18166 | Orc:2    | Found Pumam's Book Emporium.
 18707 | Lair:3   | Killed Rupert
 18967 | Lair:3   | Reached skill level 10 in Dodging
 19556 | Lair:3   | Gained mutation: Your magical and physical power is
                  | enhanced at high health. [demonic ancestry]
 19556 | Lair:3   | Reached XP level 14. HP: 46/97 MP: 14/14
 19693 | Lair:3   | Found a staircase to the Shoals.
 20442 | Lair:4   | Learned a level 1 spell: Magic Dart
 20446 | Lair:4   | Noticed Kirke
 20467 | Lair:4   | Killed Kirke
 20755 | Lair:4   | Reached skill level 1 in Shields
 20983 | Lair:4   | Reached skill level 1 in Spellcasting
 20989 | Lair:4   | Reached skill level 1 in Conjurations
 21456 | Lair:5   | Entered Level 5 of the Lair of Beasts
 21776 | Lair:5   | Reached skill level 12 in Axes
 22099 | Lair:5   | Reached skill level 10 in Fighting
 22637 | Lair:5   | HP: 2/99 [death yak (18)]
 22638 | Lair:5   | Demolished by a death yak

Illustrated notes

Levels and vault maps discovered:
D:1:      matt_arrival_los_fun, layout_basic, minmay_three_crescents
D:2:      layout_rooms
D:3:      layout_loops_ring, mainiacjoe_overflow_tiny_flanked,
          eat_drink_and_be_merry_uskayaw, kiku_gazebo_garden_becter,
          uniq_jessica, uniq_sigmund
D:4:      layout_cave_pods, overflow_temple_1_default,
          mainiacjoe_overflow_catwalk, lemuel_crystal_altar,
          mainiacjoe_overflow_surrounded_room,
          minmay_temple_entry_gardened_gates, st_stairs_14
D:5:      layout_loops_corners, nzn_hepliaklqana_mist_gate,
          mainiacjoe_overflow_brackets, serial_shops, nicolae_shop_waterfront
D:6:      layout_basic, minmay_misc_feat_cross, uniq_prince_ribbit1, uniq_edmund
D:7:      layout_basic, mainiacjoe_overflow_24_doors, uniq_pikel, uniq_maggie
D:8:      lemuel_ratsnest, layout_layer_cave, mainiacjoe_overflow_boulevard,
          lemuel_crystal_altar, mainiacjoe_overflow_catwalk_spiral,
          serial_glass, glass_columns_b, glass_columns_a,
          chequers_serial_rivers_small_b, grunt_decor_junction
D:9:      kennysheep_kobold_camp, layout_loops_ring,
          nicolae_ru_sacrificial_ziggurat, ashenzari_conservatory_becter,
          serial_shops, nicolae_shop_pleasant_corner_grove, enter_bailey_3
D:10:     layout_basic, due_lair_maze_entry_diamond, gammafunk_ghost_split
D:11:     layout_cave_pools, kennysheep_donut
D:12:     hangedman_cross_stitches, layout_basic, orc_david_3, minmay_librarian,
          uniq_urug, uniq_sonja
Temple:   corrupted_temple
Lair:1:   layout_small_grid, grunt_megastairs_5
Lair:2:   layout_roguey, nicolae_snake_entry_squirm
Lair:3:   layout_cave_pods, shoals_dummy_entry, nicolae_lair_liquid_snakes,
          uniq_rupert
Lair:4:   layout_cellular_growth, grunt_megastairs_4, lemuel_fruit_tree,
          uniq_kirke
Lair:5:   evilmike_catoblepas_cave, layout_small_grid,
          dpeg_slime_entry_enclosed, grunt_forest_stairs_basic
Orc:1:    layout_diamond_mine, guppyfry_library_mini, uniq_erolcha
Orc:2:    st_orc_town, layout_caves

Skill      XL: |  1  2  3  4  5  6  7  8  9 10 11 12 13 14 |
---------------+-------------------------------------------+-----
Axes           | 3 5 8 9 11 12 | 12.5
Dodging        | 3 4 5 6 7 9 10 | 10.7
Armour         | 2 3 4 5 6 7 8 9 |  9.1
Stealth        | 1 2 3 4 5 6 |  6.2
Evocations     | 1 2 3 4 5 6 7 8 9 |  9.0
Throwing       | 2 3 4 5 6 7 |  7.5
Fighting       | 3 4 5 6 7 8 9 10 | 10.1
Maces & Flails | 1 2 3 4 5 6 |  6.0
Shields        | 2 |  2.4
Spellcasting   | 2 |  2.8
Conjurations   | 2 |  2.5

Action                     |  1- 3 |  4- 6 |  7- 9 | 10-12 | 13-15 || total
---------------------------+-------+-------+-------+-------+-------++-------
  Melee: War axe           |    88 |       |       |       |       ||    88
         Punch             |     1 |       |     4 |     4 |     5 ||    14
         Whip              |    12 |    35 |   146 |   156 |    55 ||   404
         Broad axe         |       |       |       |   369 |   457 ||   826
  Throw: Throwing net      |     3 |     1 |       |       |       ||     4
         Javelin           |     2 |    17 |    24 |    41 |    77 ||   161
         Boomerang         |       |       |    20 |    85 |       ||   105
         Dart              |       |       |    18 |   105 |    36 ||   159
   Cast: Magic Dart        |       |       |       |       |    30 ||    30
  Evoke: Condenser vane    |       |       |       |     1 |       ||     1
    Use: Potion            |     2 |       |     2 |     8 |     3 ||    15
         Scroll            |     1 |       |    12 |    18 |    11 ||    42
   Stab: Sleeping          |       |     1 |       |     7 |     7 ||    15
         Distracted        |       |       |       |       |     1 ||     1
 Armour: Leather armour    |    21 |       |       |       |       ||    21
         Ring mail         |    10 |     5 |    19 |       |       ||    34
         Acid dragon scale |       |       |     5 |   190 |   130 ||   325
  Dodge: Dodged            |    66 |    23 |    60 |   558 |   439 ||  1146
  Block: Kite shield       |       |       |       |       |   170 ||   170
         Reflection        |       |       |       |       |     1 ||     1

Table legend: (Time is in decaauts)
 A = Elapsed time spent in this place.
 B = Non-inter-level travel time spent in this place.
 C = Inter-level travel time spent in this place.
 D = Time resting spent in this place.
 E = Time spent auto-exploring this place.
 F = Levels seen in this place.
 G = Mean time per level.
                   A        B        C        D        E       F      G
               +--------+--------+--------+--------+--------+-----+--------+
         Total |  22848 |  21157 |   1691 |     33 |  16521 |  20 | 1142.4 |
       Dungeon |  14051 |  12658 |   1393 |     33 |   9857 |  12 | 1170.9 |
        Temple |     49 |     37 |     12 |      0 |     29 |   1 |   49.0 |
          Lair |   6489 |   6361 |    128 |      0 |   5143 |   5 | 1297.8 |
  Orcish Mines |   2258 |   2101 |    157 |      0 |   1491 |   2 | 1129.0 |
               +--------+--------+--------+--------+--------+-----+--------+

Top non-repeatable levels by time:
    D:12: 1766 daAuts
     D:8: 1692 daAuts
     D:9: 1571 daAuts
    D:10: 1555 daAuts
  Lair:3: 1536 daAuts
     D:5: 1344 daAuts
  Lair:2: 1330 daAuts
  Lair:1: 1302 daAuts
     D:7: 1268 daAuts
  Lair:5: 1230 daAuts
   Orc:1: 1158 daAuts
   Orc:2: 1099 daAuts
  Lair:4: 1090 daAuts
     D:4: 956 daAuts
     D:3: 916 daAuts
